 Dungeon Sprint DCSS version 0.31-a0-426-g3a05650e59 (webtiles) character file.

Game seed: 2973878551067972055

1075 Monkooky the Covert (level 8, -3/78 HPs)
             Began as a Kobold Brigand on July 30, 2023.
             Was a Follower of Wu Jian.
             Slain by a demonic crawler (11 damage)
             ... in the Dungeon (Sprint I: "Red Sonja").
             The game lasted 00:01:58 (106 turns).

Monkooky the Covert (Kobold Brigand)                 Turns: 106, Time: 00:01:59

Health: -3/78      AC:  3    Str:  9    XL:     8   Next: 54%
Magic:  8/8        EV: 21    Int: 12    God:    Wu Jian [*.....]
Gold:   405        SH:  0    Dex: 18    Spells: 7/7 levels left

rFire   . . .        a - +2 dagger
rCold   . . .        (no shield)
rNeg    . . .        b - +0 robe
rPois   .            (no helmet)
rElec   .            c - +0 cloak
rCorr   .            (no gloves)
SInv    .            (no boots)
Will    .....        (no amulet) Stlth
                     (no ring)
HPRegen 0.33/turn    (no ring)
MPRegen 0.11/turn

%: no teleportation
@: berserking, very quick
A: small, no large weapons, nightstalker 3
a: Renounce Religion


You were in the Dungeon.
You worshipped Wu Jian.
Wu Jian was aware of your devotion.
You visited 1 branch You collected 405 gold pieces.

Inventory:

Hand Weapons
 a - a +2 dagger (weapon)
Missiles
 d - 9 poisoned darts (quivered)
 e - 3 curare-tipped darts
Armour
 b - a +0 robe (worn)
 c - a +0 cloak (worn)
Wands
 l - a wand of flame (18)
Scrolls
 k - a scroll of blinking
Potions
 f - a potion of curing
 g - a potion of heal wounds
 h - a potion of haste
 i - 2 potions of magic


   Skills:
 + Level 6.4 Fighting
 - Level 10.0 Short Blades
 - Level 5.5 Polearms
 - Level 6.0 Throwing
 * Level 10.2 Dodging
 - Level 13.8 Stealth
 - Level 2.6 Evocations


You had 7 spell levels left.
You didn't know any spells.
Your spell library contained the following spells:

 Spells                   Type           Power      Damage    Failure   Level
 Apportation              Tloc           0%         N/A       32%         1
 Necrotise                Necr           0%         1d4       32%         1
 Summon Small Mammal      Summ           0%         N/A       32%         1


Dungeon Overview and Level Annotations

Branches:
Dungeon (1/1)

Altars:
Makhleb
Sif Muna
Vehumet
Wu Jian
Xom
Jiyva
Lugonu


Innate Abilities, Weirdness & Mutations

You are small and have problems with some larger weapons.
You are completely attuned to the shadows.


Message History

The demonic crawler attacks as you move away!
The demonic crawler completely misses you.
The demonic crawler closely misses you. The demonic crawler hits you!
The demonic crawler completely misses you.
The demonic crawler misses you. x2; The demonic crawler hits you.
The demonic crawler closely misses you. The demonic crawler misses you.
There is an open door here.
The demonic crawler attacks as you move away!
The demonic crawler barely misses you. The demonic crawler hits you.
The demonic crawler closely misses you.
The demonic crawler attacks as you move away!
The demonic crawler closely misses you. The demonic crawler misses you.
The demonic crawler closely misses you.
Okay, then.
A red film seems to cover your vision as you go berserk!
You feel yourself moving faster!
You feel mighty!
You barely miss the demonic crawler. The demonic crawler closely misses you.
The demonic crawler hits you. The demonic crawler misses you.
The demonic crawler closely misses you. The demonic crawler misses you.
The demonic crawler barely misses you.
You hit the demonic crawler.
The demonic crawler is lightly wounded.
You hit the demonic crawler.
The demonic crawler is lightly wounded.
You puncture the demonic crawler!
The demonic crawler is moderately wounded.
The demonic crawler hits you! x2; The demonic crawler closely misses you.
The demonic crawler hits you!
* * * LOW HITPOINT WARNING * * *
The demonic crawler misses you.
The demonic crawler hits you but does no damage.
You spin and attack the demonic crawler repeatedly.
You puncture the demonic crawler!
The demonic crawler is moderately wounded.
You hit the demonic crawler but do no damage.
The demonic crawler is moderately wounded.
The demonic crawler hits you!
* * * LOW HITPOINT WARNING * * *
The demonic crawler hits you!
You die...

#######################
#.)'..#.)'..#__#.s's.)#
'..#.)'..#..'..'@s#...##+#
#####'#####'#__####)..'..#
# #..#...#[#### #####..+ #
####..##.# ## # ##'#_.+ #
+..._# # #_.#+# ##+#


You could see 3 demonic crawlers.

Vanquished Creatures
  2 kobold demonologists (D)
  A slime creature (D)
  Sigmund (D)
  A floating eye (D)
  An ogre (D)
  A jelly (D)
  Ijyb (D)
8 creatures vanquished.

Notes
Turn   | Place    | Note
-------+----------+-------------------------------------------
     0 | D        | Monkooky the Kobold Brigand began the quest for the Orb.
     0 | D        | Reached XP level 1. HP: 12/12 MP: 1/1
     4 | D        | Noticed Ijyb
     7 | D        | Killed Ijyb
     8 | D        | Reached skill level 9 in Stealth
     8 | D        | Reached XP level 2. HP: 17/17 MP: 2/2
     8 | D        | Reached XP level 3. HP: 21/21 MP: 3/3
    12 | D        | Noticed an ogre
    14 | D        | Killed an ogre
    15 | D        | Reached skill level 13 in Stealth
    15 | D        | Reached XP level 4. HP: 26/26 MP: 4/4
    15 | D        | Reached XP level 5. HP: 30/30 MP: 5/5
    22 | D        | Noticed Sigmund
    25 | D        | Killed Sigmund
    26 | D        | Reached skill level 5 in Polearms
    26 | D        | Reached XP level 6. HP: 35/35 MP: 6/6
    38 | D        | Found an ornate altar of the Wu Jian Council.
    39 | D        | Found a shimmering blue altar of Sif Muna.
    40 | D        | Found a radiant altar of Vehumet.
    43 | D        | Became a worshipper of the Wu Jian Council
    71 | D        | Found a viscous altar of Jiyva.
    71 | D        | Found a corrupted altar of Lugonu.
    71 | D        | Noticed a slime creature
    72 | D        | Found a burning altar of Makhleb.
    72 | D        | Found a shimmering altar of Xom.
    73 | D        | Killed a slime creature
    74 | D        | Reached skill level 10 in Short Blades
    74 | D        | Reached XP level 7. HP: 40/40 MP: 7/7
    85 | D        | Noticed a kobold demonologist
    86 | D        | Noticed a kobold demonologist
    88 | D        | Killed a kobold demonologist
    88 | D        | Reached * piety under Wu Jian
    89 | D        | Reached skill level 5 in Fighting
    89 | D        | Reached XP level 8. HP: 50/50 MP: 8/8
    90 | D        | Killed a kobold demonologist
    91 | D        | Reached skill level 10 in Dodging
    96 | D        | Noticed a demonic crawler
    96 | D        | Noticed a demonic crawler
    96 | D        | Noticed a demonic crawler
    96 | D        | Noticed a demonic crawler
   106 | D        | Slain by a demonic crawler

Illustrated notes

Levels and vault maps discovered:
D:        dungeon_sprint_1 [red_sonja_temple_1, red_sonja_temple_small_1]

Skill      XL: |  1  2  3  4  5  6  7  8 |
---------------+-------------------------+-----
Stealth        | 9 13 | 13.8
Throwing       | 6 |  6.0
Polearms       | 5 |  5.5
Short Blades   | 10 | 10.0
Evocations     | 2 |  2.6
Fighting       | 5 6 |  6.4
Dodging        | 8 10 | 10.2

Action                     |  1- 3 |  4- 6 |  7- 9 || total
---------------------------+-------+-------+-------++-------
  Melee: Dagger            |     2 |     3 |    11 ||    16
Ability: Lunge             |       |     2 |     2 ||     4
         Whirlwind         |       |       |     3 ||     3
    Use: Potion            |       |       |     1 ||     1
   Stab: Sleeping          |     2 |     3 |     3 ||     8
 Armour: Robe              |       |       |     1 ||     1
  Dodge: Dodged            |       |       |    22 ||    22

Table legend: (Time is in decaauts)
 A = Elapsed time spent in this place.
 B = Non-inter-level travel time spent in this place.
 C = Inter-level travel time spent in this place.
 D = Time resting spent in this place.
 E = Time spent auto-exploring this place.
 F = Levels seen in this place.
 G = Mean time per level.
                   A        B        C        D        E       F      G
               +--------+--------+--------+--------+--------+-----+--------+
         Total |    102 |    102 |      0 |      0 |      0 |   1 |  102.0 |
       Dungeon |    102 |    102 |      0 |      0 |      0 |   1 |  102.0 |
               +--------+--------+--------+--------+--------+-----+--------+

Top non-repeatable levels by time:
       D: 102 daAuts
